3R
GERMANTOWN URUGUAYANS @ OGALLALA OCTOPI
07/01/2041
 
TOP OF THE 1ST
Germantown Uruguayans batting - Pitching for Ogallala Octopi : RHP Marx Lieftink
Pitching: RHP Marx Lieftink
Batting: RHB Will Gamble 0-0: Called Strike
0-1: Called Strike
0-2: Strikes out swinging
Batting: SHB Mark Thomas 0-0: Called Strike
0-1: Ball
1-1: Ball
2-1: Ball
3-1: Called Strike
3-2: Foul Ball, location: 2F
3-2: Base on Balls
Batting: LHB Jin-song Au-Yong 0-0: Ball
1-0: Ball
2-0: SINGLE (Flyball, 7LS, EV 91.9 MPH)
Mark Thomas to second
Batting: RHB Maurice Wrightson 0-0: SINGLE (Groundball, 4MD, EV 106.9 MPH)
Mark Thomas to third
Jin-song Au-Yong to second
Runner from 3rd tries for Home, SAFE, throw by CF to home
Batting: LHB Seung-jae Kyong 0-0: Ball
1-0: Grounds into double play, 6-4-3 (Groundball, 6M, EV 100.0 MPH)
Top of the 1st over - 1 run, 2 hits, 0 errors, 1 left on base; Germantown 1 - Ogallala 0
BOTTOM OF THE 1ST
Ogallala Octopi batting - Pitching for Germantown Uruguayans : RHP José Jiménez
Pitching: RHP José Jiménez
Batting: RHB Rodrigo Sánchez 0-0: Called Strike
0-1: Ball
1-1: Ball
2-1: Ball
3-1: Foul Ball, location: 2F
3-2: Ground out 6-3 (Groundball, 56, EV 91.2 MPH)
Batting: LHB Benjamin Bays 0-0: Foul Ball, location: 2F
0-1: Swinging Strike
0-2: Ball
1-2: Strikes out looking
Batting: RHB Alberto Zúñiga 0-0: Ground out 4-3 (Groundball, 4, EV 102.5 MPH)
Bottom of the 1st over - 0 runs, 0 hits, 0 errors, 0 left on base; Germantown 1 - Ogallala 0
TOP OF THE 2ND
Germantown Uruguayans batting - Pitching for Ogallala Octopi : RHP Marx Lieftink
Batting: RHB Rubén Nuañez 0-0: Called Strike
0-1: Swinging Strike
0-2: Ball
1-2: Strikes out looking
Batting: LHB Scotty Forrest 0-0: Foul Ball, location: 2F
0-1: Foul Ball, location: 2F
0-2: Ball
1-2: Ground out 6-3 (Groundball, 6, EV 83.1 MPH)
Batting: RHB Steve Gill 0-0: Ball
1-0: Called Strike
1-1: Ball
2-1: Called Strike
2-2: Ball
3-2: Foul Ball, location: 2F
3-2: Strikes out swinging
Top of the 2nd over - 0 runs, 0 hits, 0 errors, 0 left on base; Germantown 1 - Ogallala 0
BOTTOM OF THE 2ND
Ogallala Octopi batting - Pitching for Germantown Uruguayans : RHP José Jiménez
Batting: SHB Víctor Pagueros 0-0: Ball
1-0: Called Strike
1-1: Ground out 4-3 (Groundball, 4, EV 86.2 MPH)
Batting: RHB Roy Berriman 0-0: Ball
1-0: Fly out, F7 (Flyball, 78M, EV 83.1 MPH)
Batting: RHB Sonny Day 0-0: Called Strike
0-1: Ball
1-1: Swinging Strike
1-2: Ball
2-2: Ball
3-2: Foul Ball, location: 2F
3-2: Strikes out looking
Bottom of the 2nd over - 0 runs, 0 hits, 0 errors, 0 left on base; Germantown 1 - Ogallala 0
TOP OF THE 3RD
Germantown Uruguayans batting - Pitching for Ogallala Octopi : RHP Marx Lieftink
Batting: LHB Bill Ware 0-0: Swinging Strike
0-1: Foul Ball, location: 2F
0-2: Strikes out swinging
Batting: RHB Will Gamble 0-0: Called Strike
0-1: Fly out, F9 (Flyball, 9LMF, EV 91.2 MPH)
Batting: SHB Mark Thomas 0-0: Ground out 4-3 (Groundball, 4, EV 105.0 MPH)
Top of the 3rd over - 0 runs, 0 hits, 0 errors, 0 left on base; Germantown 1 - Ogallala 0
BOTTOM OF THE 3RD
Ogallala Octopi batting - Pitching for Germantown Uruguayans : RHP José Jiménez
Batting: RHB Nando van der Goor 0-0: Ball
1-0: Fly out, F9 (Flyball, 89S, EV 79.4 MPH)
Batting: SHB Lyonya Wanyushin 0-0: Called Strike
0-1: Ball
1-1: Called Strike
1-2: Strikes out swinging
Batting: RHB Pedro Sánchez 0-0: SINGLE (Groundball, 34D, EV 105.6 MPH)
Batting: RHB Rodrigo Sánchez 0-0: Ball
1-0: Fly out, F8 (Flyball, 89D, EV 97.5 MPH)
Bottom of the 3rd over - 0 runs, 1 hit, 0 errors, 1 left on base; Germantown 1 - Ogallala 0
TOP OF THE 4TH
Germantown Uruguayans batting - Pitching for Ogallala Octopi : RHP Marx Lieftink
Batting: LHB Jin-song Au-Yong 0-0: Ball
1-0: Ball
2-0: Swinging Strike
2-1: Swinging Strike
2-2: Ball
3-2: Base on Balls
Batting: RHB Maurice Wrightson 0-0: Swinging Strike
0-1: Ball
1-1: Foul Ball, location: 2F
1-2: Foul Ball, location: 2F
1-2: Ball
2-2: Foul Ball, location: 2F
2-2: Fielders Choice at 2nd, 5-4 (Groundball, 56S, EV 85.0 MPH)
Batting: LHB Seung-jae Kyong 0-0: Foul Ball, location: 2F
0-1: Ball
1-1: Called Strike
1-2: Foul Ball, location: 2F
1-2: Strikes out swinging
Batting: RHB Rubén Nuañez 0-0: Ball
1-0: Swinging Strike
1-1: Foul Ball, location: 2F
1-2: Ball
2-2: Ball
3-2: Foul Ball, location: 2F
3-2: 2-RUN HOME RUN (Flyball, 89XD, EV 105.6 MPH), Distance : 401 ft
Batting: LHB Scotty Forrest 0-0: Ball
1-0: Ball
2-0: Ball
3-0: Base on Balls
Batting: RHB Steve Gill 0-0: Ball
1-0: Called Strike
1-1: Ball
2-1: Fly out, F8 (Line Drive, 8LM, EV 93.1 MPH)
Top of the 4th over - 2 runs, 1 hit, 0 errors, 1 left on base; Germantown 3 - Ogallala 0
BOTTOM OF THE 4TH
Ogallala Octopi batting - Pitching for Germantown Uruguayans : RHP José Jiménez
Batting: LHB Benjamin Bays 0-0: Swinging Strike
0-1: Called Strike
0-2: Foul Ball, location: 2F
0-2: Ball
1-2: Strikes out swinging
Batting: RHB Alberto Zúñiga 0-0: Called Strike
0-1: Ball
1-1: Swinging Strike
1-2: Ball
2-2: Fly out, F9 (Flyball, 9, EV 90.0 MPH)
Batting: SHB Víctor Pagueros 0-0: Called Strike
0-1: Ball
1-1: Called Strike
1-2: Foul Ball, location: 2F
1-2: Ball
2-2: DOUBLE (Line Drive, 8LXD, EV 100.0 MPH)
Batting: RHB Roy Berriman 0-0: Called Strike
0-1: Ball
1-1: Fly out, F9 (Flyball, 9D, EV 77.5 MPH)
Bottom of the 4th over - 0 runs, 1 hit, 0 errors, 1 left on base; Germantown 3 - Ogallala 0
TOP OF THE 5TH
Germantown Uruguayans batting - Pitching for Ogallala Octopi : RHP Marx Lieftink
Batting: LHB Bill Ware 0-0: Ball
1-0: Ground out 6-3 (Groundball, 6, EV 109.4 MPH)
Batting: RHB Will Gamble 0-0: Ball
1-0: Foul Ball, location: 2F
1-1: Foul Ball, location: 2F
1-2: Ball
2-2: Foul Ball, location: 2F
2-2: Ball
3-2: Strikes out swinging
Batting: SHB Mark Thomas 0-0: Ball
1-0: Ball
2-0: Called Strike
2-1: Ball
3-1: Foul Ball, location: 2F
3-2: Fly out, F7 (Flyball, 78D, EV 106.2 MPH)
Top of the 5th over - 0 runs, 0 hits, 0 errors, 0 left on base; Germantown 3 - Ogallala 0
BOTTOM OF THE 5TH
Ogallala Octopi batting - Pitching for Germantown Uruguayans : RHP José Jiménez
Batting: RHB Sonny Day 0-0: Ball
1-0: Ball
2-0: Called Strike
2-1: Fly out, F8 (Line Drive, 8RD, EV 103.8 MPH)
Batting: RHB Nando van der Goor 0-0: Swinging Strike
0-1: Ball
1-1: Foul Ball, location: 2F
1-2: Ball
2-2: Foul Ball, location: 2F
2-2: Fly out, F7 (Flyball, 7, EV 97.5 MPH)
Batting: SHB Lyonya Wanyushin 0-0: Ball
1-0: Called Strike
1-1: Foul Ball, location: 2F
1-2: Foul Ball, location: 2F
1-2: Ball
2-2: Foul Ball, location: 2F
2-2: Fly out, F8 (Flyball, 8LS, EV 82.5 MPH)
Bottom of the 5th over - 0 runs, 0 hits, 0 errors, 0 left on base; Germantown 3 - Ogallala 0
TOP OF THE 6TH
Germantown Uruguayans batting - Pitching for Ogallala Octopi : RHP Marx Lieftink
Batting: LHB Jin-song Au-Yong 0-0: Called Strike
0-1: Foul Ball, location: 2F
0-2: Strikes out looking
Batting: RHB Maurice Wrightson 0-0: Ball
1-0: Called Strike
1-1: Foul Ball, location: 2F
1-2: Foul Ball, location: 2F
1-2: Ball
2-2: Ball
3-2: Ground out 5-3 (Groundball, 5, EV 82.5 MPH)
Batting: LHB Seung-jae Kyong 0-0: Called Strike
0-1: Ground out 6-3 (Groundball, 6, EV 90.0 MPH)
Top of the 6th over - 0 runs, 0 hits, 0 errors, 0 left on base; Germantown 3 - Ogallala 0
BOTTOM OF THE 6TH
Ogallala Octopi batting - Pitching for Germantown Uruguayans : RHP José Jiménez
Batting: RHB Pedro Sánchez 0-0: Fly out, F7 (Line Drive, 7, EV 96.9 MPH)
Batting: RHB Rodrigo Sánchez 0-0: Ball
1-0: Fly out, F7 (Flyball, 78D, EV 97.5 MPH)
Batting: LHB Benjamin Bays 0-0: Fly out, F7 (Flyball, 7LS, EV 84.4 MPH)
Bottom of the 6th over - 0 runs, 0 hits, 0 errors, 0 left on base; Germantown 3 - Ogallala 0
TOP OF THE 7TH
Germantown Uruguayans batting - Pitching for Ogallala Octopi : RHP Marx Lieftink
Batting: RHB Rubén Nuañez 0-0: Called Strike
0-1: Ball
1-1: Fly out, F8 (Flyball, 8RM, EV 76.2 MPH)
Pitching: RHP Clayton Horne
Batting: LHB Scotty Forrest 0-0: Foul Ball, location: 2F
0-1: Foul Ball, location: 2F
0-2: Ground out 4-3 (Groundball, 4, EV 85.0 MPH)
Batting: RHB Steve Gill 0-0: DOUBLE (Groundball, 5D, EV 102.5 MPH)
Batting: LHB Bill Ware 0-0: Fly out, F7 (Flyball, 78D, EV 91.9 MPH)
Top of the 7th over - 0 runs, 1 hit, 0 errors, 1 left on base; Germantown 3 - Ogallala 0
BOTTOM OF THE 7TH
Ogallala Octopi batting - Pitching for Germantown Uruguayans : RHP José Jiménez
Batting: RHB Alberto Zúñiga 0-0: Foul Ball, location: 2F
0-1: Hit by Pitch
Batting: SHB Víctor Pagueros 0-0: Foul Ball, location: 2F
0-1: DOUBLE (Line Drive, 7LS, EV 98.1 MPH)
Alberto Zúñiga to third
Batting: RHB Roy Berriman 0-0: Called Strike
0-1: Ball
1-1: Called Strike
1-2: Strikes out swinging
Batting: RHB Sonny Day 0-0: Swinging Strike
0-1: Ball
1-1: Ball
2-1: Ball
3-1: Swinging Strike
3-2: Foul Ball, location: 2F
3-2: Strikes out looking
Batting: RHB Nando van der Goor 0-0: Fly out, F4 (Popup, 4, EV 63.8 MPH)
Bottom of the 7th over - 0 runs, 1 hit, 0 errors, 2 left on base; Germantown 3 - Ogallala 0
TOP OF THE 8TH
Germantown Uruguayans batting - Pitching for Ogallala Octopi : RHP Clayton Horne
Batting: RHB Will Gamble 0-0: Ball
1-0: Called Strike
1-1: Swinging Strike
1-2: Strikes out swinging
Batting: SHB Mark Thomas 0-0: Ball
1-0: Fly out, F9 (Line Drive, 9, EV 90.6 MPH)
Batting: LHB Jin-song Au-Yong 0-0: Called Strike
0-1: Swinging Strike
0-2: Ball
1-2: Strikes out swinging
Top of the 8th over - 0 runs, 0 hits, 0 errors, 0 left on base; Germantown 3 - Ogallala 0
BOTTOM OF THE 8TH
Ogallala Octopi batting - Pitching for Germantown Uruguayans : RHP José Jiménez
Batting: SHB Lyonya Wanyushin 0-0: Ball
1-0: Ground out 1-3 (Groundball, P, EV 86.2 MPH)
Batting: RHB Pedro Sánchez 0-0: Ball
1-0: Fly out, F9 (Flyball, 89M, EV 98.8 MPH)
Batting: RHB Rodrigo Sánchez 0-0: Foul Ball, location: 2F
0-1: Called Strike
0-2: Strikes out swinging
Bottom of the 8th over - 0 runs, 0 hits, 0 errors, 0 left on base; Germantown 3 - Ogallala 0
TOP OF THE 9TH
Germantown Uruguayans batting - Pitching for Ogallala Octopi : RHP Clayton Horne
Batting: RHB Maurice Wrightson 0-0: Called Strike
0-1: Foul Ball, location: 2F
0-2: Ball
1-2: Foul Ball, location: 2F
1-2: Hit by Pitch
Batting: LHB Seung-jae Kyong 0-0: Foul Ball, location: 2F
0-1: Called Strike
0-2: Ball
1-2: Fielders Choice at 2nd, 5-4 (Groundball, 5, EV 83.1 MPH)
Batting: RHB Rubén Nuañez 0-0: Called Strike
0-1: Swinging Strike
0-2: Strikes out swinging
Batting: LHB Scotty Forrest 0-0: Ball
1-0: Swinging Strike
1-1: Foul Ball, location: 2F
1-2: Strikes out swinging
Top of the 9th over - 0 runs, 0 hits, 0 errors, 1 left on base; Germantown 3 - Ogallala 0
BOTTOM OF THE 9TH
Ogallala Octopi batting - Pitching for Germantown Uruguayans : RHP José Jiménez
Pitching: LHP Ron Lloyd
Batting: LHB Benjamin Bays 0-0: Ball
1-0: Ball
2-0: Swinging Strike
2-1: Foul Ball, location: 2F
2-2: Ball
3-2: Foul Ball, location: 2F
3-2: Strikes out looking
Batting: RHB Alberto Zúñiga 0-0: Swinging Strike
0-1: Foul Ball, location: 2F
0-2: Ball
1-2: Ball
2-2: Ball
3-2: SINGLE (Groundball, 3D, EV 98.1 MPH)
Batting: SHB Víctor Pagueros 0-0: Swinging Strike
0-1: SINGLE (Groundball, 56D, EV 101.9 MPH)
Alberto Zúñiga to second
Pinch Hitting: RHB Martin Mullinger 0-0: Ball
1-0: Called Strike
1-1: SINGLE (Line Drive, 7S, EV 109.4 MPH)
Alberto Zúñiga to third
Víctor Pagueros to second
Batting: RHB Sonny Day 0-0: SINGLE (Groundball, 6MD, EV 97.5 MPH)
Alberto Zúñiga scores
Víctor Pagueros to third
Martin Mullinger to second
Batting: RHB Nando van der Goor 0-0: Ball
1-0: Fly out, F5 (Flyball, 56D, EV 86.2 MPH)
Pinch Hitting: RHB Joong Chuang 0-0: Ball
1-0: Called Strike
1-1: Fly out, F3 (Popup, 3SF, EV 75.0 MPH)
Bottom of the 9th over - 1 run, 4 hits, 0 errors, 3 left on base; Germantown 3 - Ogallala 1
Tuesday, January 5th, 2021 - OOTP Baseball 20.8 Build 74